[Event "Titled Tuesday Blitz June 27 Early 2023"]
[White "Buscar, Michael"]
[Black "Goryachkina, Aleksandra"]
[WhiteFideId "2603616"]
[BlackFideId "4147103"]
[WhiteElo "2405"]
[BlackElo "2687"]
[Result "0-1"]
[Round "4"]
[TimeControl "180+2"]
[Date "2023.06.27"]
[WhiteClock "0:00:05"]
[BlackClock "0:00:34"]
[Board "94"]

1. d4 Nf6 2. c4 e6 3. Nc3 Bb4 4. e3 O-O 5. Bd3 d5 6. Nf3 dxc4 7. Bxc4 c5 8. O-O Nc6 9. a3 Ba5 10. dxc5 Bxc3 11. bxc3 Qxd1 12. Rxd1 Bd7 13. Nd4 Na5 14. Be2 Rfc8 15. c6 Nxc6 16. Nb5 Na5 17. Bb2 Bxb5 18. Bxb5 Nc4 19. Bc1 a6 20. Bxc4 Rxc4 21. Rb1 b5 22. Rd3 Nd5 23. Bd2 f5 24. f3 Rac8 25. Rb3 Kf7 26. Kf2 Ke7 27. Ke2 Nb6 28. Rd4 e5 29. Rd3 Ke6 30. Rb4 Nd5 31. Rb3 Nb6 32. Rb4 Na4 33. Rb3 Nc5 34. Rb4 Nxd3 35. Kxd3 e4+ 36. Ke2 Rxb4 37. axb4 Kd5 38. Kd1 Kc4 39. Kc2 Rd8 40. Be1 Rd3 41. Bd2 g5 42. h3 h5 43. Kc1 Rxc3+ 44. Bxc3 Kxc3 0-1


[Site "https://www.chess.com"]

[Event "Titled Tuesday Blitz June 27 Early 2023"]
[White "Veiga, Jose Francisco R P Neves"]
[Black "Topalov, Aleksandar"]
[WhiteFideId "1930087"]
[BlackFideId "925659"]
[WhiteElo "2685"]
[BlackElo "2405"]
[Result "1-0"]
[Round "4"]
[TimeControl "180+2"]
[Date "2023.06.27"]
[WhiteClock "0:00:07"]
[BlackClock "0:00:00"]
[Board "95"]

1. c4 Nf6 2. Nc3 g6 3. e4 d6 4. g3 Bg7 5. Bg2 O-O 6. Nge2 c5 7. O-O Nc6 8. a3 a6 9. Rb1 Rb8 10. b4 cxb4 11. axb4 b5 12. cxb5 axb5 13. d4 Bd7 14. h3 Ne8 15. Be3 Nc7 16. Qd3 Ne6 17. Rfc1 Nc7 18. f4 e6 19. d5 exd5 20. Nxd5 Ne6 21. Nec3 Re8 22. Nxb5 Ne5 23. fxe5 Bxb5 24. Qd2 Bxe5 25. Kh2 Qh4 26. Bf4 Bxf4 27. gxf4 Rbc8 28. Qe3 Bc4 29. Nb6 Ba2 30. Rb2 Rb8 31. Rxa2 Nxf4 32. Nd7 Rbd8 33. Nb6 Rb8 34. Nd7 Rbd8 35. Ra7 Ne6 36. Qg3 Qh5 37. Nf6+ 1-0


[Site "https://www.chess.com"]

[Event "Titled Tuesday Blitz June 27 Early 2023"]
[White "Arhan_Anand"]
[Black "Kuznetsov, Mikhail"]
[BlackFideId "4117190"]
[WhiteElo "2683"]
[BlackElo "2401"]
[Result "1/2-1/2"]
[Round "4"]
[TimeControl "180+2"]
[Date "2023.06.27"]
[WhiteClock "0:00:54"]
[BlackClock "0:00:39"]
[Board "96"]

1. e4 c6 2. d4 d5 3. exd5 cxd5 4. Bd3 Nc6 5. c3 Nf6 6. Bf4 Bg4 7. Qb3 e5 8. h3 Na5 9. Qc2 exf4 10. hxg4 Nxg4 11. Qe2+ Qe7 12. Nh3 f3 13. gxf3 Qxe2+ 14. Kxe2 Nf6 15. Nd2 Bd6 16. Rag1 g6 17. f4 Nc6 18. f5 Kf8 19. Ng5 Kg7 20. Kf3 Rag8 21. Nh3 Nh5 22. Nf1 Kf6 23. Ne3 Ne7 24. Ng5 h6 25. Ng4+ Kxg5 26. Rxh5+ gxh5 27. Ne5+ Kh4 28. Rh1+ Kg5 29. Rg1+ Kh4 30. Rh1+ Kg5 31. Rg1+ 1/2-1/2


[Site "https://www.chess.com"]

[Event "Titled Tuesday Blitz June 27 Early 2023"]
[White "Danielyan, Vahe"]
[Black "Mickiewicz, Piotr"]
[WhiteFideId "13304828"]
[BlackFideId "1114891"]
[WhiteElo "2675"]
[BlackElo "2385"]
[Result "1-0"]
[Round "4"]
[TimeControl "180+2"]
[Date "2023.06.27"]
[WhiteClock "0:00:43"]
[BlackClock "0:00:09"]
[Board "97"]

1. e4 c6 2. Nc3 d5 3. d4 dxe4 4. Nxe4 Bf5 5. Ng3 Bg6 6. h4 h6 7. Nh3 Nf6 8. Nf4 Bh7 9. c3 e6 10. Bc4 Bd6 11. Nfh5 Nxh5 12. Nxh5 Bg6 13. Nxg7+ Kf8 14. Nh5 Nd7 15. Nf4 Bxf4 16. Bxf4 Nb6 17. Bb3 Nd5 18. Be5 f6 19. Qf3 Kg7 20. Bg3 h5 21. O-O Qd7 22. Rae1 Rae8 23. Re2 Bf5 24. Rd2 b5 25. Bc2 Bxc2 26. Rxc2 Kf7 27. Re1 Reg8 28. b3 Rg4 29. Rce2 Re8 30. Re4 f5 31. Be5 Reg8 32. Rxg4 Rxg4 33. g3 Qd8 34. c4 bxc4 35. bxc4 Ne7 36. Rb1 Qd7 37. Qe3 Kg6 38. Rb8 c5 39. Rh8 f4 40. Bxf4 Nf5 41. Qe5 cxd4 42. Bg5 Qf7 43. Qb8 d3 44. Rf8 Qd7 45. Rf6+ Kh7 46. Qf8 Ng7 47. Rh6# 1-0


[Site "https://www.chess.com"]

[Event "Titled Tuesday Blitz June 27 Early 2023"]
[White "Llanos, Guillermo"]
[Black "Korchmar, Vasiliy"]
[WhiteFideId "100358"]
[BlackFideId "24131750"]
[WhiteElo "2384"]
[BlackElo "2675"]
[Result "0-1"]
[Round "4"]
[TimeControl "180+2"]
[Date "2023.06.27"]
[WhiteClock "0:00:53"]
[BlackClock "0:01:32"]
[Board "98"]

1. c4 c6 2. d4 d5 3. Nc3 Nf6 4. Bg5 e6 5. e3 Nbd7 6. Nf3 Be7 7. Qc2 O-O 8. Bd3 dxc4 9. Bxc4 b5 10. Bd3 Bb7 11. a3 h6 12. Bh4 Rc8 13. b4 a5 14. Rb1 Nd5 15. Bxe7 Qxe7 16. Na2 e5 17. Bh7+ Kh8 18. Bf5 exd4 19. Nxd4 c5 20. bxc5 Rxc5 21. Qd2 Ne5 22. O-O Qg5 23. f4 Nc4 24. Qc1 Qe7 25. e4 Nde3 26. Re1 Nxf5 27. Nxf5 Qc7 28. Qc3 f6 29. Qg3 Nd2 30. Rbc1 Nxe4 31. Qg6 Rxc1 32. Rxc1 Qb6+ 0-1


[Site "https://www.chess.com"]

[Event "Titled Tuesday Blitz June 27 Early 2023"]
[White "Dishman, Stephen"]
[Black "Kvaloy, Aksel Bu"]
[WhiteFideId "403024"]
[BlackFideId "1528815"]
[WhiteElo "2365"]
[BlackElo "2670"]
[Result "0-1"]
[Round "4"]
[TimeControl "180+2"]
[Date "2023.06.27"]
[WhiteClock "0:00:06"]
[BlackClock "0:00:13"]
[Board "99"]

1. c4 Nf6 2. g3 e5 3. Bg2 Nc6 4. Nc3 Bb4 5. Nd5 Nxd5 6. cxd5 Ne7 7. a3 Ba5 8. b4 Bb6 9. Bb2 d6 10. e3 O-O 11. Ne2 f5 12. O-O Ng6 13. f4 Qe7 14. Qc2 Bd7 15. a4 a5 16. b5 Rae8 17. fxe5 dxe5 18. Ba3 Qg5 19. Bxf8 Rxf8 20. Qc3 f4 21. Kh1 Bg4 22. exf4 Qh5 23. Nc1 exf4 24. gxf4 Nxf4 25. Nb3 Nxg2 26. Rxf8+ Kxf8 27. Kxg2 Qxd5+ 28. Kg3 Qg5 29. h4 Qg6 30. Kh2 h5 31. Rf1+ Kg8 32. Qe5 Kh7 33. Rf4 Bd1 34. Nd4 Bg4 35. Qe4 Qxe4 36. Rxe4 Kg6 37. Ne6 Kf6 38. Re1 Bxe6 39. Kg3 Bc5 40. Kf4 Bd6+ 41. Ke4 Bf5+ 42. Kd4 g6 43. Kd5 Bg3 44. b6 Bxe1 45. bxc7 Bg3 46. Kc5 Bxc7 47. Kb5 Bd7+ 48. Kc5 Bxa4 49. Kc4 Bd7 50. Kc3 Ke5 51. Kb3 Kd5 52. Ka3 Bd8 53. d4 Bxh4 54. Kb3 Be7 55. Ka2 Bd6 56. Kb2 h4 57. Ka2 h3 58. Kb2 h2 59. Ka2 h1=Q 60. Kb2 Qg2+ 61. Kb3 Qf3+ 0-1


[Site "https://www.chess.com"]

[Event "Titled Tuesday Blitz June 27 Early 2023"]
[White "Alex_Sahakyan2006"]
[Black "K2JW"]
[WhiteElo "2662"]
[BlackElo "2360"]
[Result "0-1"]
[Round "4"]
[TimeControl "180+2"]
[Date "2023.06.27"]
[WhiteClock "0:00:35"]
[BlackClock "0:00:21"]
[Board "100"]

1. d4 d5 2. Nf3 Nf6 3. Bf4 c5 4. e3 Nc6 5. c3 Bf5 6. dxc5 e6 7. Nd4 Bxc5 8. Nxf5 exf5 9. Bd3 Ne4 10. Nd2 O-O 11. h3 Re8 12. O-O Ne5 13. Be2 Ng6 14. Bh2 Qb6 15. Nb3 Nxf2 16. Rxf2 Bxe3 17. Nd4 Qxb2 18. Nxf5 Bxf2+ 19. Kxf2 Qxc3 20. Bd3 Qc5+ 21. Kf1 Ne5 22. Rc1 Qb6 23. Bxe5 Rxe5 24. Qg4 g6 25. Nh6+ Kg7 26. Qf4 Re6 27. Ng4 h5 28. Nf2 Rf6 29. Qg3 Re8 30. Re1 Rxe1+ 31. Kxe1 Qd4 32. Nd1 h4 33. Qe3 Re6 0-1


[Site "https://www.chess.com"]

[Event "Titled Tuesday Blitz June 27 Early 2023"]
[White "Spichkin, Alexander"]
[Black "Sahib Singh"]
[WhiteFideId "4144074"]
[BlackFideId "25618342"]
[WhiteElo "2330"]
[BlackElo "2662"]
[Result "0-1"]
[Round "4"]
[TimeControl "180+2"]
[Date "2023.06.27"]
[WhiteClock "0:00:50"]
[BlackClock "0:00:06"]
[Board "101"]

1. f4 d6 2. Nf3 Nd7 3. d3 e5 4. e4 g6 5. Be2 Bg7 6. O-O Ngf6 7. Nc3 O-O 8. Qe1 h6 9. fxe5 Nxe5 10. Qh4 Nxf3+ 11. Bxf3 g5 12. Qg3 Nd7 13. Nd5 c6 14. Ne3 Be5 15. Qe1 Nf6 16. c3 c5 17. Nc4 Be6 18. Nxe5 dxe5 19. Qf2 b6 20. h4 g4 21. Be2 Kg7 22. Qe3 Rh8 23. Bd2 Nh5 24. g3 Qc7 25. Rf2 Rad8 26. Raf1 Rd6 27. c4 Kg6 28. Rf5 Bxf5 29. exf5+ Kg7 30. Bxg4 Nf6 31. Be2 Re8 32. Qxh6+ Kg8 33. g4 Ne4 34. Qe3 Nxd2 35. Qxd2 f6 36. g5 e4 37. g6 e3 38. Qe1 Rd4 39. Rf3 Rg4+ 40. Kh1 Qe5 41. Rh3 Rf4 42. Qg3 Qxf5 43. h5 Rf2 44. Bf3 e2 45. Bd5+ Qxd5+ 46. cxd5 e1=Q+ 47. Qg1 Rf1 48. Rg3 Rxg1+ 49. Rxg1 Qh4+ 50. Kg2 Re2+ 51. Kf3 Rf2+ 52. Ke3 Qd4# 0-1


[Site "https://www.chess.com"]

[Event "Titled Tuesday Blitz June 27 Early 2023"]
[White "Rosh Jain"]
[Black "Kjartansson, David"]
[WhiteFideId "25789465"]
[BlackFideId "2301130"]
[WhiteElo "2288"]
[BlackElo "2662"]
[Result "0-1"]
[Round "4"]
[TimeControl "180+2"]
[Date "2023.06.27"]
[WhiteClock "0:00:02"]
[BlackClock "0:00:36"]
[Board "102"]

1. e4 d6 2. d4 Nd7 3. Nc3 Ngf6 4. f4 e5 5. Nf3 c6 6. fxe5 dxe5 7. dxe5 Ng4 8. e6 fxe6 9. h3 Ngf6 10. Bg5 Qb6 11. Bc4 Qxb2 12. Bd2 Nb6 13. Bb3 Qa3 14. O-O Bd7 15. e5 Nfd5 16. Nxd5 cxd5 17. Ng5 O-O-O 18. Nf7 Bc5+ 19. Kh1 Bb5 20. Rf3 Qa6 21. Qe1 Rhf8 22. Nxd8 Rxf3 23. gxf3 Kxd8 24. Qh4+ Kc7 25. Qxh7 Bd7 26. Qd3 Bb5 27. Qg6 Bd7 28. Qg2 Qa3 29. Qxg7 a5 30. Bc3 a4 31. h4 d4 32. h5 dxc3 33. h6 axb3 34. h7 b2 35. Rd1 Qxa2 36. h8=Q b1=Q 37. Rxb1 Qxb1+ 38. Kh2 Qxc2+ 39. Kh3 Qf5+ 40. Kg3 c2 41. Qh1 Nd5 42. Qgh6 Be3 43. Q6h4 Qxe5+ 44. Kg2 Nf4+ 45. Kg3 Ng6+ 46. Kg2 Nxh4+ 47. Qxh4 Qg5+ 48. Qxg5 Bxg5 49. f4 Bc6+ 50. Kh3 c1=Q 51. fxg5 Qh1+ 52. Kg4 Qe4+ 53. Kh5 Be8+ 54. Kh6 Qg6# 0-1


[Site "https://www.chess.com"]

[Event "Titled Tuesday Blitz June 27 Early 2023"]
[White "Marchesich, Giovanni"]
[Black "Manukyan, Sargis A."]
[WhiteFideId "2824790"]
[BlackFideId "13303970"]
[WhiteElo "2266"]
[BlackElo "2659"]
[Result "0-1"]
[Round "4"]
[TimeControl "180+2"]
[Date "2023.06.27"]
[WhiteClock "0:00:00"]
[BlackClock "0:00:17"]
[Board "103"]

1. d4 d5 2. Bf4 Nf6 3. e3 Bg4 4. Nf3 e6 5. Be2 Bd6 6. Bg3 O-O 7. Nbd2 c5 8. c3 Nc6 9. Ne5 Bxe2 10. Qxe2 Qc7 11. f4 Nd7 12. Qg4 f5 13. Qe2 Ndxe5 14. fxe5 Be7 15. O-O c4 16. Nf3 b5 17. a3 a5 18. Qf2 b4 19. axb4 axb4 20. Bh4 Bxh4 21. Qxh4 bxc3 22. Ng5 h6 23. Nxe6 Rxa1 24. Rxa1 cxb2 25. Rb1 Qa5 26. Nxf8 Kxf8 27. Qf2 c3 28. Qxf5+ Ke7 29. e6 Nd8 30. Rf1 Nxe6 31. Qf7+ Kd6 32. Qe8 Qb6 33. Qg6 Qb3 34. Qd3 Qc4 35. Qc2 Qa2 36. h4 Qa1 37. Rb1 h5 38. Qg6 Qa4 0-1


[Site "https://www.chess.com"]

[Event "Titled Tuesday Blitz June 27 Early 2023"]
[White "SicilianPanzer"]
[Black "Sanhueza, Cristian"]
[BlackFideId "116815"]
[WhiteElo "2260"]
[BlackElo "2478"]
[Result "0-1"]
[Round "4"]
[TimeControl "180+2"]
[Date "2023.06.27"]
[WhiteClock "0:00:00"]
[BlackClock "0:00:10"]
[Board "104"]

1. e4 e5 2. Nc3 Nf6 3. Bc4 Nc6 4. d3 Bc5 5. f4 d6 6. Nf3 Bg4 7. h3 Bxf3 8. Qxf3 Nd4 9. Qd1 c6 10. fxe5 dxe5 11. Bg5 h6 12. Bh4 g5 13. Bg3 Qe7 14. Qd2 b5 15. Bb3 a5 16. a4 Nxb3 17. cxb3 b4 18. Ne2 Rd8 19. Qc2 O-O 20. O-O-O Nh5 21. Rhf1 Be3+ 22. Kb1 Qe6 23. Bf2 Bxf2 24. Rxf2 Nf4 25. Ng3 Rd7 26. Nf5 Rfd8 27. Rf3 h5 28. g3 g4 29. hxg4 hxg4 30. Re3 Ng6 31. Rh1 Ne7 32. Nh6+ Kg7 33. Qh2 Qg6 34. Nf5+ Nxf5 35. exf5 Qg5 36. Qh7+ Kf8 37. f6 Qxf6 38. Rhe1 Rd5 39. Re4 Ke7 0-1


[Site "https://www.chess.com"]

[Event "Titled Tuesday Blitz June 27 Early 2023"]
[White "Perez, Maximiliano"]
[Black "Korobov, Anton"]
[WhiteFideId "117234"]
[BlackFideId "14105730"]
[WhiteElo "2552"]
[BlackElo "2985"]
[Result "0-1"]
[Round "4"]
[TimeControl "180+2"]
[Date "2023.06.27"]
[WhiteClock "0:00:00"]
[BlackClock "0:01:47"]
[Board "105"]

1. e4 c5 2. Nf3 d6 3. d4 cxd4 4. Nxd4 Nf6 5. Nc3 a6 6. Be2 e6 7. a4 Be7 8. O-O O-O 9. f4 Qc7 10. Be3 b6 11. Bf3 Bb7 12. g4 Nc6 13. g5 Nd7 14. Bg2 Nxd4 15. Bxd4 e5 16. Be3 exf4 17. Bxf4 Ne5 18. Kh1 g6 19. Nd5 Bxd5 20. exd5 Rad8 21. b3 Rfe8 22. c4 Bf8 23. Ra2 Bg7 24. Qd2 Re7 25. a5 Rde8 26. axb6 Qxb6 27. Ra3 Ng4 28. Bf3 Ne3 29. Re1 Bd4 30. Bxe3 Rxe3 31. Rxe3 Rxe3 32. Kg2 Bc3 33. Qc2 Qd4 34. Rxa6 Re1 35. Qf2 Qf4 0-1


[Site "https://www.chess.com"]

[Event "Titled Tuesday Blitz June 27 Early 2023"]
[White "Adla, Diego"]
[Black "Pap, Gyula"]
[WhiteFideId "100072"]
[BlackFideId "725323"]
[WhiteElo "2548"]
[BlackElo "2937"]
[Result "0-1"]
[Round "4"]
[TimeControl "180+2"]
[Date "2023.06.27"]
[WhiteClock "0:02:35"]
[BlackClock "0:02:28"]
[Board "106"]

1. c4 e6 2. g3 d5 3. Bg2 d4 4. Nf3 Nc6 5. e3 Bc5 6. O-O Nge7 7. a3 a5 8. d3 O-O 9. e4 e5 10. Ne1 Ng6 11. f4 f5 12. fxe5 Ncxe5 13. h3 fxe4 14. Rxf8+ Qxf8 15. dxe4 d3+ 16. Kh2 Qf2 17. Qd2 Qg1# 0-1


[Site "https://www.chess.com"]

[Event "Titled Tuesday Blitz June 27 Early 2023"]
[White "Delorme, Axel"]
[Black "Vokhidov, Shamsiddin"]
[WhiteFideId "632023"]
[BlackFideId "14204223"]
[WhiteElo "2536"]
[BlackElo "2922"]
[Result "0-1"]
[Round "4"]
[TimeControl "180+2"]
[Date "2023.06.27"]
[WhiteClock "0:00:00"]
[BlackClock "0:01:36"]
[Board "107"]

1. e4 c5 2. Nf3 e6 3. c4 Nc6 4. Nc3 Nf6 5. Be2 Qc7 6. d4 cxd4 7. Nxd4 Nxd4 8. Qxd4 Bc5 9. Qd3 a6 10. O-O d6 11. a3 O-O 12. b4 Ba7 13. Bf4 Rd8 14. Rad1 Ne8 15. c5 Bd7 16. Bxd6 Nxd6 17. Qxd6 Qc8 18. Rd3 Bb8 19. Qd4 Bc7 20. Rfd1 Bb5 21. Nxb5 Rxd4 22. Nxd4 Qe8 23. g3 Rd8 24. Nf3 Rxd3 25. Rxd3 Qc6 26. Rd4 g6 27. Kg2 Qa4 28. Rd3 a5 29. bxa5 Qxa5 30. Rb3 Qxc5 31. Rxb7 Bb6 32. Rxb6 Qxb6 33. h4 Qa5 34. Ng5 Qxa3 35. Bf3 h6 36. Nh3 Kg7 37. Nf4 Qb4 38. Nh3 Qd2 39. Nf4 g5 40. hxg5 hxg5 41. Nh5+ Kg6 42. g4 Kh7 43. Ng3 Kg7 44. Nh5+ Kf8 45. Ng3 Ke7 46. Nh5 Kd6 47. Ng3 Ke5 48. Nh5 Kd4 49. Ng3 Kd3 50. Nh5 Qb2 51. Nf6 Qxf6 0-1


[Site "https://www.chess.com"]

[Event "Titled Tuesday Blitz June 27 Early 2023"]
[White "Henriquez Villagra, Cristobal"]
[Black "Kuzmin, Roman"]
[WhiteFideId "3409350"]
[BlackFideId "44134932"]
[WhiteElo "2888"]
[BlackElo "2529"]
[Result "1-0"]
[Round "4"]
[TimeControl "180+2"]
[Date "2023.06.27"]
[WhiteClock "0:00:22"]
[BlackClock "0:00:12"]
[Board "108"]

1. d3 d5 2. Nf3 Nf6 3. Nbd2 c5 4. e4 Nc6 5. exd5 Nxd5 6. g3 g6 7. Bg2 Bg7 8. O-O O-O 9. Re1 b6 10. Nc4 Bb7 11. Nce5 Qc7 12. c4 Nxe5 13. Nxe5 Bxe5 14. cxd5 Bf6 15. d4 cxd4 16. Bf4 Qd7 17. Be5 Bxe5 18. Rxe5 f6 19. Re2 Ba6 20. Re6 Rad8 21. Qb3 Kg7 22. Qa3 Qb5 23. Rxe7+ Rf7 24. Rae1 Rd7 25. Rxd7 Rxd7 26. Re7+ Kh6 27. Rxd7 Qxd7 28. Qxa6 1-0


[Site "https://www.chess.com"]

[Event "Titled Tuesday Blitz June 27 Early 2023"]
[White "Drozdowski, Kacper"]
[Black "Bruedigam, Martin"]
[WhiteFideId "1136720"]
[BlackFideId "24608033"]
[WhiteElo "2837"]
[BlackElo "2529"]
[Result "1-0"]
[Round "4"]
[TimeControl "180+2"]
[Date "2023.06.27"]
[WhiteClock "0:00:09"]
[BlackClock "0:00:00"]
[Board "109"]

1. e4 c6 2. d4 d5 3. Nc3 dxe4 4. Nxe4 Bf5 5. Ng3 Bg6 6. Nh3 e6 7. Nf4 Bd6 8. h4 Qc7 9. Nxg6 hxg6 10. Ne4 Bf4 11. Bxf4 Qxf4 12. Ng5 Nd7 13. g3 Qc7 14. Bg2 Ngf6 15. O-O O-O 16. c3 a5 17. Re1 a4 18. Qc2 Qd6 19. Rad1 Ra5 20. c4 a3 21. b3 b6 22. Qc3 Ra7 23. Qf3 c5 24. dxc5 Qxc5 25. Bh3 Re8 26. Qc3 Nf8 27. b4 Qe7 28. Bg2 Rc8 29. b5 Qc5 30. Bc6 Ra4 31. Rc1 N8d7 32. Red1 Ne5 33. Bb7 Rb8 34. Bd5 Neg4 35. Qf3 exd5 36. Rxd5 Qe7 37. Rd4 Nh6 38. Rcd1 Nf5 39. Qf4 Rf8 40. R4d3 Raa8 41. Qd2 Rac8 42. Qc3 Ne4 43. Nxe4 Qxe4 44. Qxa3 Qxc4 45. Qb2 Rc5 46. Rd8 Qxb5 47. Rxf8+ Kxf8 48. Rd8+ Ke7 49. Qd2 Qb1+ 50. Kh2 Qe4 51. Rd7+ Kf6 52. Qb2+ Qe5 53. Qxb6+ Nd6 54. Rxd6+ Kf5 55. Rd7 f6 56. Rxg7 Rc2 57. Rd7 Qe4 58. Rd1 Qf3 59. Rf1 Rxa2 60. Qb1+ 1-0


[Site "https://www.chess.com"]

[Event "Titled Tuesday Blitz June 27 Early 2023"]
[White "Remizov, Yaroslav"]
[Black "Golubev, Mikhail"]
[WhiteFideId "34134015"]
[BlackFideId "14100983"]
[WhiteElo "2804"]
[BlackElo "2524"]
[Result "0-1"]
[Round "4"]
[TimeControl "180+2"]
[Date "2023.06.27"]
[WhiteClock "0:00:06"]
[BlackClock "0:00:08"]
[Board "110"]

1. d4 Nf6 2. c4 g6 3. Nc3 Bg7 4. e4 d6 5. Nf3 O-O 6. Be2 e5 7. Be3 exd4 8. Nxd4 Re8 9. Qc2 c6 10. O-O Qe7 11. f3 d5 12. cxd5 cxd5 13. Bg5 Qe5 14. Bxf6 Bxf6 15. Nb3 dxe4 16. Qxe4 Qxe4 17. Nxe4 Bxb2 18. Rab1 Bg7 19. Bb5 Bd7 20. Bxd7 Nxd7 21. Nd6 Re2 22. Nxb7 Rxa2 23. Rfd1 Nb6 24. Nd8 Rc8 25. Rbc1 Rac2 26. Rxc2 Rxc2 27. Na5 Nc4 28. Nac6 Ne3 29. Re1 Nxg2 30. Re8+ Bf8 31. Nxa7 Nh4 32. Nac6 Nxf3+ 33. Kf1 Nxh2+ 34. Ke1 Nf3+ 35. Kd1 Rd2+ 36. Kc1 Rf2 37. Nb7 Kg7 38. Rd8 h5 39. Rd7 h4 40. Nbd8 Ng5 41. Nd4 h3 42. N4e6+ Nxe6 43. Nxe6+ Kg8 44. Ng5 h2 45. Rd1 Rg2 46. Nf3 Bc5 47. Rh1 Rg1+ 48. Nxg1 hxg1=Q+ 0-1


[Site "https://www.chess.com"]

[Event "Titled Tuesday Blitz June 27 Early 2023"]
[White "tetrix83"]
[Black "Gharibyan, Mamikon"]
[BlackFideId "13308300"]
[WhiteElo "2518"]
[BlackElo "2800"]
[Result "0-1"]
[Round "4"]
[TimeControl "180+2"]
[Date "2023.06.27"]
[WhiteClock "0:00:00"]
[BlackClock "0:00:06"]
[Board "111"]

1. Nf3 d5 2. g3 Nc6 3. d4 Bf5 4. Bg2 Nb4 5. Na3 e6 6. O-O Be7 7. Ne5 Nc6 8. Nxc6 bxc6 9. c4 Bxa3 10. bxa3 Ne7 11. a4 O-O 12. Ba3 Qd7 13. Qc1 h6 14. Rd1 Rfb8 15. Qc3 Rb7 16. Rac1 Rab8 17. Qa5 Ng6 18. e3 h5 19. h4 Bg4 20. Re1 Ne7 21. Bf1 Bf3 22. Qc5 Nf5 23. cxd5 cxd5 24. Bb5 Qd8 25. Ba6 Rb6 26. Bf1 R6b7 27. a5 Nxh4 28. a6 Be4 29. Be2 Rb6 30. Qxc7 Nf3+ 31. Bxf3 Bxf3 32. Qxa7 Ra8 33. Qc7 Qxc7 34. Rxc7 Rbxa6 35. Be7 Rxa2 36. Rec1 Kh7 37. Bd6 Kg6 38. Bf4 f6 39. Bd6 Ra1 40. Rc5 Kf5 41. Kh2 R8a2 42. Kg1 Ra6 43. Bf8 g5 44. Rc7 g4 45. Bb4 Be2 46. Bd2 R6a2 47. Bb4 Bc4 48. Rxa1 Rxa1+ 49. Kg2 Be2 50. f4 gxf3+ 51. Kh2 f2 0-1


[Site "https://www.chess.com"]

[Event "Titled Tuesday Blitz June 27 Early 2023"]
[White "Shuvalov, Evgenij"]
[Black "Cherniaiev, Tykhon"]
[WhiteFideId "4187237"]
[BlackFideId "14182360"]
[WhiteElo "2496"]
[BlackElo "2702"]
[Result "0-1"]
[Round "4"]
[TimeControl "180+2"]
[Date "2023.06.27"]
[WhiteClock "0:01:23"]
[BlackClock "0:00:49"]
[Board "112"]

1. d4 Nf6 2. c4 e6 3. Nc3 d5 4. cxd5 exd5 5. Bg5 c6 6. e3 Be7 7. Bd3 O-O 8. Nge2 h6 9. Bh4 Ne4 10. Bxe7 Qxe7 11. Bxe4 dxe4 12. h3 Bf5 13. d5 Rd8 14. Qb3 Na6 15. O-O Nc5 16. Qa3 b6 17. Nd4 Qg5 18. Nxf5 Qxf5 19. dxc6 Rd6 20. Nb5 Rg6 21. Kh1 Qg5 22. Rg1 Nd3 23. Nd4 Nxf2+ 24. Kh2 Qg3# 0-1


[Site "https://www.chess.com"]

[Event "Titled Tuesday Blitz June 27 Early 2023"]
[White "Khoroshev, Nikita"]
[Black "Srebrnic, Marko"]
[WhiteFideId "14200287"]
[BlackFideId "14603616"]
[WhiteElo "2670"]
[BlackElo "2491"]
[Result "1-0"]
[Round "4"]
[TimeControl "180+2"]
[Date "2023.06.27"]
[WhiteClock "0:01:33"]
[BlackClock "0:00:00"]
[Board "113"]

1. Nf3 Nf6 2. g3 Nc6 3. d4 e6 4. Bg2 Be7 5. O-O O-O 6. c4 d6 7. Nc3 e5 8. e4 Bg4 9. d5 Nd4 10. Be3 Nxf3+ 11. Bxf3 Bxf3 12. Qxf3 Nd7 13. Qg2 Bg5 14. f4 Bh6 15. Rae1 f5 16. exf5 c6 17. dxc6 bxc6 18. Qxc6 exf4 19. Bxf4 Bxf4 20. Rxf4 Nf6 21. Nd5 Nh5 22. Rf2 Kh8 23. b3 Rc8 24. Qb7 Rb8 25. Qe7 Ra8 26. Qxd8 Raxd8 27. Re7 a5 28. g4 Nf6 29. Nxf6 gxf6 30. Kg2 d5 31. c5 d4 32. Rd2 Rd5 33. c6 Rc8 34. c7 d3 35. Kf3 Rc5 36. Ke3 R5xc7 37. Rxc7 Rxc7 38. Kxd3 Rd7+ 39. Ke3 Rc7 40. Kf4 Kg7 41. h4 a4 42. bxa4 Rc4+ 43. Kg3 Rxa4 44. g5 fxg5 45. hxg5 Kf7 46. Rd7+ Kg8 47. Rd2 Kf7 48. Kf3 Kf8 49. Rh2 Kg8 50. Rb2 Kf7 51. Rb7+ Kg8 52. Kg3 Kh8 53. f6 Kg8 54. Rg7+ Kh8 55. Re7 Kg8 56. Kf3 Kf8 57. Rxh7 Rxa2 58. g6 Kg8 59. Rc7 Ra8 60. Kg4 Rb8 61. Kg5 Ra8 62. Kh6 Rb8 63. Rg7+ Kf8 64. Rh7 1-0


[Site "https://www.chess.com"]

[Event "Titled Tuesday Blitz June 27 Early 2023"]
[White "djokovic74"]
[Black "Devaev, Alexander"]
[BlackFideId "4169395"]
[WhiteElo "2666"]
[BlackElo "2494"]
[Result "1-0"]
[Round "4"]
[TimeControl "180+2"]
[Date "2023.06.27"]
[WhiteClock "0:00:03"]
[BlackClock "0:00:08"]
[Board "114"]

1. e4 c6 2. Nf3 d5 3. Nc3 Nf6 4. e5 Ne4 5. Nxe4 dxe4 6. Ng5 Qd5 7. Qe2 Qxe5 8. Nxe4 Bf5 9. d3 Nd7 10. g3 Bxe4 11. Qxe4 Qxe4+ 12. dxe4 e5 13. Bd2 Bc5 14. Bh3 Nf6 15. f3 Ke7 16. Ke2 Rhd8 17. Bc3 Bd4 18. Bb4+ Ke8 19. c3 Bb6 20. Rad1 Bc7 21. Bc5 Nd7 22. Be3 Bb6 23. Bc1 a5 24. Bf1 Bc5 25. a4 Nb6 26. b3 Rxd1 27. Kxd1 Rd8+ 28. Kc2 Ke7 29. Bd2 f6 30. Be2 Nd7 31. Rb1 Ra8 32. Rf1 Bd6 33. Bc4 Nb6 34. Be2 Nd7 35. h4 Nc5 36. Rh1 Rb8 37. Ra1 Ra8 38. g4 h6 39. g5 hxg5 40. hxg5 Rh8 41. gxf6+ Kxf6 42. Rg1 Ne6 43. Bc4 Nf4 44. Rd1 Rh2 45. Kc1 Bc5 46. b4 axb4 47. cxb4 Bb6 48. a5 Bc7 49. Bxf4 exf4 50. Rd7 Be5 51. Rf7+ Kg5 52. Rf5+ Kh4 53. Rxe5 Kg3 54. Rg5+ Kxf3 55. Rxg7 Ke3 56. Rxb7 f3 57. a6 Rh1+ 58. Kb2 Rh2+ 59. Kb3 Rh1 60. e5 f2 61. Rf7 Rc1 62. e6 Rb1+ 63. Kc2 Ra1 64. e7 f1=Q 65. e8=Q+ Kd4 66. Rxf1 Ra2+ 67. Bxa2 c5 68. Rd1# 1-0


[Site "https://www.chess.com"]

[Event "Titled Tuesday Blitz June 27 Early 2023"]
[White "Koutsin, Sergey"]
[Black "Florescu, Codrut-Constantin"]
[WhiteFideId "14101483"]
[BlackFideId "1202200"]
[WhiteElo "2486"]
[BlackElo "2645"]
[Result "1-0"]
[Round "4"]
[TimeControl "180+2"]
[Date "2023.06.27"]
[WhiteClock "0:01:07"]
[BlackClock "0:00:06"]
[Board "115"]

1. d4 Nf6 2. c4 e6 3. Nf3 b6 4. a3 Bb7 5. Nc3 d5 6. Bg5 Nbd7 7. e3 h6 8. Bh4 Be7 9. Rc1 a6 10. cxd5 exd5 11. b4 O-O 12. Qb3 Re8 13. Be2 Bd6 14. O-O Qe7 15. Bg3 Bxg3 16. hxg3 Qd6 17. a4 Re7 18. b5 a5 19. Rc2 Rf8 20. Rfc1 Ne8 21. Ne1 f5 22. Bf3 Ndf6 23. Nd3 g5 24. Ne5 g4 25. Be2 Kg7 26. Bd3 Rxe5 27. dxe5 Qxe5 28. Ne2 h5 29. Qb2 Qxb2 30. Rxb2 Nd7 31. Nd4 Nc5 32. Rxc5 bxc5 33. Ne6+ Kf7 34. Nxf8 Kxf8 35. Bxf5 Nd6 36. Bd7 Nc4 37. Rc2 Ke7 38. Bf5 Kd6 39. Bg6 Nb6 40. Ra2 c4 41. Bxh5 Bc8 42. Bf7 Kc5 43. Kf1 Kb4 44. Ke1 Kb3 45. Ra1 Kb2 46. Rd1 c3 47. Bg6 Be6 48. Rd4 c2 49. Rd2 Nxa4 50. Rxc2+ Kb3 51. Rxc7 Nc3 52. b6 a4 53. b7 1-0


[Site "https://www.chess.com"]